 Dungeon Crawl Stone Soup version 0.28.0-1-gb440e238dd (webtiles) character file.

Game seed: 7821563150020019128

196 Zeldest the Sneak (level 5, -1/45 HPs)
             Began as a Vine Stalker Delver on Feb 21, 2022.
             Succumbed to a scorpion's poison
             ... on level 4 of the Dungeon.
             The game lasted 00:06:14 (1334 turns).

Zeldest the Sneak (Vine Stalker Delver)             Turns: 1334, Time: 00:06:14

Health: -1/45      AC: 22    Str: 15    XL:     5   Next: 75%
Magic:  1/6        EV:  2    Int: 12    God:
Gold:   80         SH:  3    Dex: 15    Spells: 4/4 levels left

rFire   . . .      SeeInvis .     - Unarmed
rCold   . . .      Faith    .   r - +0 buckler
rNeg    . . .      Spirit   +   (armour currently unavailable)
rPois   +          Reflect  .   (helmet currently unavailable)
rElec   .          Harm     .   (cloak currently unavailable)
rCorr   .          Rampage  .   (gloves currently unavailable)
Will    .....      NoTele   +   (boots currently unavailable)
Stlth   +++.......              (no amulet)
HPRegen 0.95/turn               (no ring)
MPRegen 0.10/turn               (no ring)

@: lethally poisoned (-1 -> -4), tree-form, hasted, very quick
A: stationary, stasis, torment immunity, boosted hp, (fangs 2), regeneration 1,
magic shield, (antimagic bite), no potion heal 2
a: no special abilities


You were on level 4 of the Dungeon.
You were a tree.
You visited 1 branch of the dungeon, and saw 5 of its levels.

You collected 80 gold pieces.

Inventory:

Armour
 a - a +0 leather armour (melded)
 r - a +0 buckler (worn)
 u - a +0 pair of boots (melded)
Wands
 f - a wand of digging (3)
Scrolls
 b - a scroll of fog
 c - 2 scrolls of magic mapping
 d - a scroll of fear
 m - a scroll of enchant armour {unknown}
 n - 4 scrolls of identify {unknown}
 q - a scroll of enchant weapon {unknown}
 s - a scroll of noise {unknown}
Potions
 g - a potion of degeneration {unknown}
 h - 2 potions of might {unknown}
 i - a potion of attraction {unknown}
 j - 2 potions of lignification
 k - a potion of mutation {unknown}
 l - a potion of brilliance {unknown}
 o - a potion of heal wounds
 p - a potion of flight {unknown}
 t - a potion of berserk rage {unknown}


   Skills:
 + Level 4.4 Fighting
 - Level 1.5 Dodging
 - Level 6.0 Stealth
 + Level 0.2 Shields
 + Level 4.2 Unarmed Combat


You had 4 spell levels left.
You didn't know any spells.
Your spell library was empty.

Dungeon Overview and Level Annotations

Branches:
Dungeon (5/15)
 Temple: D:4-7

Altars:
Nemelex Xobeh
Okawaru
Trog
Uskayaw
Vehumet
The Shining One

Annotations:
D:4 2 transporters


Innate Abilities, Weirdness & Mutations

You are a tree.
Your roots penetrate the ground, keeping you stationary.
You cannot be teleported.
You are immune to unholy pain and torment.
Your maximum health is greatly increased.
Your equipment is partially melded.
((You have extremely sharp teeth.))
Your natural rate of healing is unusually fast.
When hurt, damage is shared between your health and your magic reserves.
((Your bite disrupts and absorbs the magic of your enemies.))
Potions cannot restore your health.


Message History

The scorpion completely misses you.
You hit the scorpion.
You bite the scorpion, but do no damage.
The scorpion is lightly wounded.
The scorpion stings you.
You are poisoned.
The scorpion poisons you!
You hit the scorpion.
The scorpion is moderately wounded.
You feel very sick. The scorpion stings you.
You hit the scorpion.
The scorpion is heavily wounded.
You feel sick. The scorpion stings you.
You are lethally poisoned!
The scorpion poisons you! You block the scorpion's attack.
You closely miss the scorpion.
The scorpion is heavily wounded.
* * * LOW HITPOINT WARNING * * *
You feel very sick. The scorpion barely misses you.
You hit the scorpion.
You bite the scorpion, but do no damage.
The scorpion is heavily wounded.
* * * LOW HITPOINT WARNING * * *
You feel very sick. The scorpion stings you.
* * * LOW HITPOINT WARNING * * *
You feel yourself speed up.
* * * LOW HITPOINT WARNING * * *
You feel very sick. The scorpion closely misses you.
It was a potion of lignification.
You turn into a tree.
Your +0 pair of boots melds into your body.
Your +0 leather armour melds into your body.
Your roots penetrate the ground.
* * * LOW HITPOINT WARNING * * *
You feel sick. The scorpion barely misses you.
It was a potion of heal wounds.
That seemed strangely inert.
You die...

#. .# ## .# #. ##.##
##. ##...#####... .
##.....##...## ...
###.......#.#.#8
#...####....._.....#.#P
#...{s♣..#.......#...#.
#...####.##.....##.)©#©
... #####...###...#. .
####.##.....#P
#.......###.#8
###.....#.# #.##
#.......#.# #...
#.......#.# ##.#
#.......#.# #..


You could see a scorpion.

Vanquished Creatures
  An ogre (D:5)
  5 adders
  2 dart slugs (D:1)
  2 orcs (D:4)
  6 ball pythons
  5 endoplasms
  4 giant cockroaches
  8 goblins
  3 hobgoblins
  2 jackals (D:1)
  6 kobolds
  A quokka (D:2)
  5 bats
  10 frilled lizards (D:1)
  4 rats
64 creatures vanquished.

Vanquished Creatures (others)
  8 plants (D:1)
8 creatures vanquished.

Grand Total: 72 creatures vanquished

Notes
Turn   | Place    | Note
-------+----------+-------------------------------------------
     0 | D:5      | Zeldest the Vine Stalker Delver began the quest for the
                  | Orb.
     0 | D:5      | Reached XP level 1. HP: 11/11 MP: 2/2
    23 | D:5      | Noticed an ogre
    50 | D:5      | Killed an ogre
    51 | D:5      | Reached XP level 2. HP: 17/17 MP: 3/3
    51 | D:5      | Reached XP level 3. HP: 21/21 MP: 4/4
    51 | D:5      | Gained mutation: Your natural rate of healing is unusually
                  | fast. [Vine Stalker growth]
    51 | D:5      | Reached XP level 4. HP: 25/25 MP: 5/5
    63 | D:5      | Noticed an ogre
   101 | D:5      | Noticed a scorpion
   122 | D:5      | Noticed a water moccasin
   168 | D:4      | Found a glowing golden altar of the Shining One.
   499 | D:1      | Found a faded altar of an unknown god.
   556 | D:2      | Reached XP level 5. HP: 20/29 MP: 6/6
  1093 | D:3      | Found a hide-covered altar of Uskayaw.
  1104 | D:3      | Found a radiant altar of Vehumet.
  1129 | D:3      | Found a sparkling altar of Nemelex Xobeh.
  1154 | D:3      | Found a bloodstained altar of Trog.
  1198 | D:4      | Found an iron altar of Okawaru.
  1241 | D:4      | Found a transporter.
  1242 | D:4      | Found a transporter.
  1332 | D:4      | HP: 1/30 [poisoned by a scorpion]
  1334 | D:4      | Succumbed to a scorpion's poison

Illustrated notes

Levels and vault maps discovered:
D:1:      giann_horns, layout_basic, hellmonk_ecumenical_altar_inner_sanctum,
          serial_shops, shop, dk_noncrumbling_4, minmay_lizard_king
D:2:      layout_loops_ring
D:3:      layout_loops_ring, nicolae_overflow_quartered_altars,
          hangedman_glass_teeth, grunt_ministairs_13, uniq_jessica
D:4:      gammafunk_wand_slinger, layout_loops_cross, lemuel_round_altar,
          nicolae_overflow_crystal_walls, grunt_ministairs_15,
          uniq_crazy_yiuf_cottage, uniq_natasha
D:5:      layout_loops_ring, grunt_ashenzari_visionary
          [grunt_ashenzari_visionary_swamp, grunt_ashenzari_visionary_spider],
          temple_pool_b

Skill      XL: |  1  2  3  4  5 |
---------------+----------------+-----
Fighting       | 3 4 |  4.4
Unarmed Combat | 3 4 |  4.2
Dodging        | |  1.5
Stealth        | |  6.0
Shields        | |  0.2

Action                   |  1- 3 |  4- 6 || total
-------------------------+-------+-------++-------
Melee: Unarmed           |     9 |   188 ||   197
       Bite              |     5 |    43 ||    48
       Punch             |     1 |     2 ||     3
  Use: Potion            |     1 |     3 ||     4
 Stab: Sleeping          |       |    13 ||    13
Armor: Leather armour    |       |    48 ||    48
Dodge: Dodged            |     4 |   102 ||   106
Block: Buckler           |       |     5 ||     5
